 Dungeon Crawl Stone Soup version 0.25-a0-426-g7d9e569eea (webtiles) character file.

Game seed: 17344517124172322195, levelgen mode: deterministic

17813 Kohma the Spear-Bearer (level 12, -7/86 HPs)
             Began as a Merfolk Ice Elementalist on Jan 25, 2020.
             Was an Elder of Vehumet.
             Killed from afar by a frost giant (15 damage)
             ... with a bolt of cold
             ... in an ice cave.
             The game lasted 01:22:02 (18507 turns).

Kohma the Spear-Bearer (Merfolk Ice Elementalist)  Turns: 18507, Time: 01:22:02

Health: -7/86      AC: 15    Str: 10    XL:     12   Next: 51%
Magic:  12/30      EV: 17    Int: 18    God:    Vehumet [****..]
Gold:   716        SH:  5    Dex: 14    Spells: 5/23 levels left

rFire    . . .     SeeInvis +   a - +1 trident (freeze)
rCold    + . .     Gourm    .   (no shield)
rNeg     . . .     Faith    .   k - +6 leather armour of Zoiggom {*Corrode +Blink Regen+ Stlth+}
rPois    .         Spirit   .   E - +2 helmet {SInv}
rElec    .         Reflect  +   u - +0 cloak
rCorr    .         Harm     .   Q - +1 pair of gloves
MR       .....                  (no boots)
Stlth    +++.......             H - +5 amulet of reflection
HPRegen  0.64/turn              G - ring of protection from cold
MPRegen  0.22/turn              L - ring of magical power

@: very slightly contaminated
A: change form in water, swift swim, stealthy swim
a: Renounce Religion, Evoke Blink


You were in an ice cave.
You worshipped Vehumet.
Vehumet was greatly pleased with you.
You were not hungry.

You visited 3 branches of the dungeon, and saw 13 of its levels.
You also visited: Ice Cave.

You collected 716 gold pieces.

Inventory:

Hand Weapons
 a - a +1 trident of freezing (weapon)
 b - a +0 hunting sling
 K - a +0 glaive
 N - a +4 hunting sling
Missiles
 g - 435 stones
 r - 3 curare-tipped darts (quivered)
 x - 33 poisoned darts
Armour
 k - the +6 leather armour of Zoiggom (worn) {*Corrode +Blink Regen+ Stlth+}
   (You found it on level 6 of the Dungeon)

   It lets you blink.
   It increases your rate of regeneration.
   It may corrode you when you take damage.
   It makes you more stealthy.
 m - a +0 helmet
 u - a +0 cloak (worn)
 E - a +2 helmet of see invisible (worn)
 O - a +2 robe of magic resistance
 P - +0 steam dragon scales
 Q - a +1 pair of gloves (worn)
Jewellery
 f - a +5 ring of strength
 n - a cursed amulet of the gourmand
 s - a +2 ring of strength
 G - a ring of protection from cold (left hand)
 H - a +5 amulet of reflection (around neck)
 I - an uncursed ring of ice
 L - a ring of magical power (right hand)
Wands
 j - a wand of polymorph (9)
 q - a wand of flame (13)
 v - a wand of clouds (2)
 A - a wand of acid (7)
 B - a wand of disintegration (10)
 F - a wand of random effects (81)
 J - a wand of iceblast (10)
Scrolls
 h - 3 scrolls of blinking
 l - a scroll of fog
 o - 3 scrolls of teleportation
 y - 2 scrolls of magic mapping
 M - 3 scrolls of remove curse
 R - a scroll of enchant armour {unknown}
Potions
 e - 5 potions of flight
 i - 2 potions of lignification
 p - a potion of agility
 w - a potion of haste
 z - a potion of brilliance
 D - 2 potions of might
 T - 2 potions of berserk rage {unknown}
Comestibles
 c - 10 rations


   Skills:
 - Level 5.0 Fighting
 - Level 14.0 Polearms
 - Level 10.0 Dodging
 - Level 2.1 Stealth
 - Level 6.0 Spellcasting
 - Level 2.0 Conjurations
   Level 1.0 Charms
 - Level 5.0 Summonings
 * Level 7.1 Necromancy
 - Level 7.0 Ice Magic
 - Level 2.0 Air Magic
 - Level 3.0 Earth Magic
 - Level 4.1 Poison Magic
 - Level 4.0 Evocations


You had 5 spell levels left.
You knew the following spells:

 Your Spells              Type           Power        Failure   Level  Hunger
a - Freeze                Ice            ####         1%          1    None
b - Dispel Undead         Necr           ####....     9%          4    ####...
c - Summon Ice Beast      Ice/Summ       ####....     14%         4    ####...
d - Poisonous Vapours     Pois/Air       ###...       7%          2    None
e - Searing Ray           Conj           ##....       3%          2    None
f - Borgnjor's Vile Clut  Necr/Erth      ###.......   50%         5    #####..

Your spell library contained the following spells:

 Spells                   Type           Power        Failure   Level  Hunger
 Bolt of Magma            Conj/Fire/Erth ##........   47%         5    #####..
 Magic Dart               Conj           ##..         1%          1    None
 Sting                    Tmut/Pois      ##..         7%          1    None
 Hailstorm                Conj/Ice       ###.....     7%          4    ####...
 Dazzling Flash           Conj/Hex       #.....       9%          3    ##.....
 Ozocubu's Armour         Chrm/Ice       ###.....     10%         3    ##.....
 Beastly Appendage        Tmut           #.....       16%         1    None
 Spider Form              Tmut/Pois      ##........   22%         3    ##.....
 Sticks to Snakes         Tmut           #.......     24%         2    None
 Fulminant Prism          Conj/Hex       #.........   26%         4    ####...
 Iskenderun's Mystic Bla  Conj/Tloc      #.......     26%         4    ####...
 Ice Form                 Ice/Tmut       ###.....     36%         4    ####...
 Alistair's Intoxication  Tmut/Pois      ##......     89%         5    #####..
 Blade Hands              Tmut           #.........   99%         5    #####..


Dungeon Overview and Level Annotations

Branches:
Dungeon (11/15)            Temple (1/1) D:5            Lair (1/6) D:9
    Orc (0/2) D:11          IceCv (1/1)

Altars:
Ashenzari
Cheibriados
Dithmenos
Elyvilon
Fedhas
Gozag
Hepliaklqana
Kikubaaqudgha
Makhleb
Nemelex Xobeh
Okawaru
Qazlal
Ru
Sif Muna
Trog
Uskayaw
Vehumet
Wu Jian
Xom
Yredelemnul
Zin
The Shining One

Annotations:
D:10 1 runed translucent door, BeastOfSaturn's ghost, journeyman GnVM


Message History

The frost giant hits your ice beast with a +0 battleaxe of freezing!
Your ice beast dies!
The frost giant hits your ice beast with a +0 battleaxe of freezing!!
Your ice beast dies!
The white imp gestures at you. The puff of frost hits you. You resist.
* * * LOW HITPOINT WARNING * * *
You hit the frost giant but do no damage.
The frost giant is almost dead.
The frost giant gestures at you while chanting.
The bolt of cold misses you. The frost giant casts a spell at you.
The bolt of cold hits you! You resist.
* * * LOW HITPOINT WARNING * * *
Casting: Summon Ice Beast (safe; 14% risk of failure)
Confirm with . or Enter, or press ? or * to list all spells.
A chill wind blows around you.
The frost giant gestures at you while chanting.
The bolt of cold hits you! You resist.
You die...

#..####..####.#.##≈≈≈≈≈≈≈##..##
###..#.##..#.#.≈≈≈≈≈≈≈≈≈≈###..#
###Y#####..##.#≈≈≈≈≈≈≈≈#..###
### ###...##≈≈≈≈≈≈##...##
###..###≈≈≈##..####
##..##≈≈≈####.###
###..####≈≈≈≈###..# ###...##
#≈≈≈≈≈##...# ###..5@##
#≈≈≈≈≈≈###.. #...Y.##
#≈≈≈≈≈≈##### #.....C#
#≈≈≈≈≈≈≈≈### #........
###≈≈≈≈≈≈≈## .##.......
###≈≈≈÷≈≈≈ ####..... ##≈≈≈≈≈≈≈≈
#.....: ##≈≈≈≈≈≈≈≈≈ ########
#≈≈≈≈≈≈≈≈≈≈ ###########


You could see a frost giant, a white imp and a friendly ice beast.

Vanquished Creatures
  Harold (D:11)
  2 two-headed ogres (D:11)
  An ice statue (IceCv)
  A spiny frog (Lair:1)
  Psyche (D:11)
  2 gargoyles
  A rime drake (IceCv)
  A troll (D:9)
  13 polar bears (IceCv)
  2 hippogriffs
  A vampire (D:9)
  A wyvern (D:9)
  11 yaks
  A hungry ghost (D:10)
  A steam dragon (D:11)
  A soldier ant (D:3)
  3 water moccasins
  A porcupine (Lair:1)
  2 ice beasts
  A necrophage (D:6)
  2 orc warriors (D:11)
  3 phantoms
  3 sky beasts
  2 ogres
  2 centaurs
  13 wolves (IceCv)
  A big kobold (D:11)
  5 bullfrogs
  A wyvern skeleton (D:8)
  2 scorpions
  5 wights
  A crimson imp (D:5)
  4 hounds
  A quasit (D:11)
  5 centaur skeletons
  3 orc priests
  2 jellies
  Jessica (D:2)
  2 iguanas
  2 orc wizards (D:11)
  5 worker ants
  A killer bee zombie (D:7)
  A hound zombie (D:7)
  2 worker ant zombies
  Robin (D:1)
  11 gnolls
  14 adders
  A howler monkey skeleton (D:10)
  9 white imps (Lair:1)
  3 oozes
  An adder skeleton (D:9)
  6 worms
  2 dart slugs
  3 leopard geckos
  31 orcs
  3 ball pythons (D:3)
  9 bats
  5 giant cockroaches
  19 goblins
  9 hobgoblins
  2 jackals (D:3)
  6 kobolds
  8 quokkas
  6 frilled lizards
  A leopard gecko skeleton (D:4)
  A quokka skeleton (D:9)
  8 rats
276 creatures vanquished.

Vanquished Creatures (collateral kills)
  2 two-headed ogres
  A centaur zombie (D:10)
  A troll (D:11)
  5 polar bears (IceCv)
  A hornet (D:8)
  A hippogriff (D:9)
  12 yaks
  A steam dragon (D:9)
  A warg (D:11)
  An acid dragon (D:11)
  An orc warrior (D:11)
  2 ice beasts
  A phantom (D:9)
  A hornet zombie (D:6)
  A black bear (D:9)
  4 ogres
  A wolf (IceCv)
  2 bullfrogs
  A scorpion (D:10)
  A water moccasin skeleton (D:11)
  A jelly (D:11)
  2 wights
  3 crimson imps
  3 hounds
  An orc wizard (D:11)
  2 iguanas
  A worker ant (D:10)
  A worker ant zombie (D:11)
  5 gnolls
  An adder (D:11)
  A shadow imp (D:6)
  3 white imps (Lair:1)
  An adder skeleton (D:8)
  4 orcs
  A giant cockroach (D:8)
  A hobgoblin (D:7)
  4 jackals (D:6)
  3 kobolds (D:11)
  A plant (D:9)
80 creatures vanquished.

Vanquished Creatures (others)
  A death yak (IceCv)
  A yak (IceCv)
  2 wolves (IceCv)
  2 fungi (D:9)
  A plant (D:9)
7 creatures vanquished.

Grand Total: 363 creatures vanquished

Notes
Turn   | Place    | Note
-------+----------+-------------------------------------------
     0 | D:1      | Kohma the Merfolk Ice Elementalist began the quest for the
                  | Orb.
     0 | D:1      | Reached XP level 1. HP: 13/13 MP: 3/3
   242 | D:1      | Reached XP level 2. HP: 19/19 MP: 3/5
  1137 | D:1      | Reached skill level 5 in Ice Magic
  1352 | D:2      | Reached XP level 3. HP: 24/24 MP: 2/6
  1396 | D:2      | Noticed Robin
  1585 | D:1      | Killed Robin
  1779 | D:2      | Reached XP level 4. HP: 30/30 MP: 5/8
  2018 | D:2      | Learned a level 3 spell: Ozocubu's Armour
  2023 | D:2      | Learned a level 4 spell: Summon Ice Beast
  2027 | D:2      | Noticed Jessica
  2036 | D:2      | Killed Jessica
  2036 | D:2      | Reached XP level 5. HP: 31/35 MP: 5/9
  2085 | D:2      | Found a sacrificial altar of Ru.
  2560 | D:3      | Reached skill level 1 in Summonings
  2841 | D:3      | Found a transporter.
  2890 | D:3      | Noticed a soldier ant
  2891 | D:3      | Found a transporter.
  2898 | D:3      | Found a shadowy altar of Dithmenos.
  3195 | D:3      | Reached skill level 1 in Fighting
  3195 | D:3      | Reached XP level 6. HP: 36/43 MP: 3/11
  3825 | D:3      | Killed a soldier ant
  4159 | D:4      | Found a radiant altar of Vehumet.
  4191 | D:4      | Became a worshipper of Vehumet
  4219 | D:4      | Found a sparkling altar of Nemelex Xobeh.
  4277 | D:4      | Found a blossoming altar of Fedhas.
  4283 | D:4      | Found a stormy altar of Qazlal.
  4479 | D:4      | Found a shattered altar of Ashenzari.
  4958 | D:5      | Entered Level 5 of the Dungeon
  4968 | D:5      | Reached XP level 7. HP: 50/50 MP: 8/13
  5030 | D:5      | Reached skill level 5 in Dodging
  5394 | D:5      | Reached skill level 5 in Spellcasting
  5394 | D:5      | Reached skill level 1 in Charms
  5397 | D:5      | Reached XP level 8. HP: 35/58 MP: 7/15
  5928 | D:5      | HP: 2/58 [ice beast (6)]
  6257 | D:5      | Found a staircase to the Ecumenical Temple.
  6273 | D:5      | Reached * piety under Vehumet
  6273 | D:5      | Offered knowledge of Sandblast by Vehumet.
  6755 | Temple   | Entered the Ecumenical Temple
  7133 | D:6      | Found a shadowy altar of Dithmenos.
  7383 | D:6      | Got a smoking leather armour
  7418 | D:6      | Identified the +6 leather armour of Zoiggom {*Corrode
                  | +Blink Regen+ Stlth+} (You found it on level 6 of the
                  | Dungeon)
  7762 | D:6      | Noticed a hippogriff
  7859 | D:6      | Reached skill level 1 in Polearms
  7930 | D:6      | Reached skill level 1 in Evocations
  7963 | D:6      | Reached skill level 2 in Polearms
  7967 | D:6      | Reached skill level 3 in Polearms
  7967 | D:6      | Reached XP level 9. HP: 64/64 MP: 3/16
  8036 | D:6      | Reached skill level 4 in Polearms
  8169 | D:6      | Identified the Almanac of Intoxication and Unholy Secrets
  8331 | D:7      | Learned a level 2 spell: Poisonous Vapours
  8393 | D:7      | Found an ornate altar of the Wu Jian Council.
  8409 | D:7      | Reached skill level 1 in Poison Magic
  8567 | D:7      | Reached skill level 5 in Polearms
  8773 | D:7      | Offered knowledge of Searing Ray by Vehumet.
  8780 | D:7      | Learned a level 2 spell: Searing Ray
  9039 | D:8      | Noticed a two-headed ogre
  9042 | D:8      | Reached ** piety under Vehumet
  9047 | D:8      | Killed a two-headed ogre
  9047 | D:8      | Reached skill level 1 in Conjurations
  9047 | D:8      | Reached skill level 1 in Air Magic
  9409 | D:8      | Found a hide-covered altar of Uskayaw.
  9445 | D:8      | Reached skill level 6 in Polearms
  9727 | D:8      | Noticed a hornet
  9736 | D:8      | Killed a hornet
 10012 | D:8      | Learned a level 5 spell: Borgnjor's Vile Clutch
 10048 | D:8      | Found a glowing silver altar of Zin.
 10376 | D:9      | Reached skill level 7 in Polearms
 10478 | D:9      | Offered knowledge of Conjure Flame by Vehumet.
 10491 | D:9      | Noticed a troll
 10502 | D:9      | Killed a troll
 10502 | D:9      | Reached skill level 8 in Polearms
 10502 | D:9      | Reached XP level 10. HP: 51/70 MP: 4/17
 10692 | D:9      | Reached skill level 9 in Polearms
 10896 | D:9      | Found a staircase to the Lair.
 10899 | D:9      | Noticed a two-headed ogre
 10925 | D:9      | Killed a two-headed ogre
 10925 | D:9      | Reached skill level 10 in Polearms
 10927 | D:9      | Reached skill level 11 in Polearms
 11293 | D:9      | Reached *** piety under Vehumet
 11819 | D:10     | Entered Level 10 of the Dungeon
 11867 | D:10     | Reached skill level 12 in Polearms
 12309 | D:10     | Offered knowledge of Airstrike by Vehumet.
 12434 | D:10     | Noticed a gargoyle
 12447 | D:10     | Killed a gargoyle
 12447 | D:10     | Reached skill level 5 in Summonings
 12641 | D:10     | Reached XP level 11. HP: 77/77 MP: 12/19
 12825 | D:10     | Reached skill level 13 in Polearms
 13116 | D:10     | Learned a level 4 spell: Dispel Undead
 13218 | D:10     | Found a runed translucent door.
 13219 | D:10     | Noticed BeastOfSaturn's ghost (journeyman GnVM)
 13437 | D:11     | Noticed a two-headed ogre
 13454 | D:11     | Killed a two-headed ogre
 13645 | D:11     | Noticed Psyche
 13651 | D:11     | Found a staircase to the Orcish Mines.
 13795 | D:11     | Reached **** piety under Vehumet
 13895 | D:11     | Killed Psyche
 13912 | D:11     | Reached skill level 14 in Polearms
 14445 | D:11     | Noticed Harold
 14461 | D:11     | Killed Harold
 14461 | D:11     | Reached skill level 1 in Necromancy
 14569 | D:11     | Offered knowledge of Stone Arrow by Vehumet.
 14821 | D:11     | Noticed a two-headed ogre
 14830 | D:11     | Killed a two-headed ogre
 15036 | D:11     | Reached skill level 1 in Earth Magic
 15298 | D:9      | Reached skill level 5 in Fighting
 15336 | Lair:1   | Entered Level 1 of the Lair of Beasts
 15440 | Lair:1   | Found a frozen archway.
 15477 | IceCv    | Entered an ice cave
 16192 | IceCv    | HP: 2/79 [ice statue/bolt of cold (9)]
 16436 | IceCv    | Reached XP level 12. HP: 23/86 MP: 4/21
 16459 | IceCv    | Reached ***** piety under Vehumet
 16687 | IceCv    | Offered knowledge of Bolt of Magma by Vehumet.
 16927 | IceCv    | Reached skill level 5 in Necromancy
 17030 | IceCv    | Reached skill level 10 in Dodging
 17600 | IceCv    | Noticed a frost giant
 17600 | IceCv    | Noticed a death yak
 18198 | IceCv    | Killed a death yak
 18507 | IceCv    | Killed from afar by a frost giant

Levels and vault maps discovered:
D:1:      minmay_arrival_four_loops, layout_basic
D:2:      layout_rooms, marbit_many_paths, uniq_robin, uniq_jessica
D:3:      layout_loops_corners, gammafunk_temple_overflow_arena,
          kennysheep_generic_room_6
D:4:      layout_layer_cave, grunt_temple_overflow_forces_of_nature,
          lemuel_doored_altar, lemuel_coloured_pillars_altar,
          overflow_temple_1_default, first_ration, nrook_mini_vaults
D:5:      layout_cave_pools, minmay_temple_entry_trees, columned_hall_lemuel
D:6:      minmay_clustersquares, layout_basic, grunt_ministairs_9,
          chequers_mini_garden, nicolae_dithmenos_shadow_blocks
D:7:      layout_basic, kennysheep_little_box, sigmund_army
D:8:      layout_cave_pods, lemuel_round_altar, zin_academy
D:9:      layout_loops_ring, dpeg_oklobed_lair
D:10:     layout_long_grid, ebering_ghost_reflecting_pool
D:11:     layout_gridville, david_orc_3, uniq_harold, uniq_psyche
Temple:   minmay_temple_bridge_abc
Lair:1:   layout_chaotic_city, portal_ice_cave_entry_imps,
          chequers_serial_rivers_micro_e, serial_bayou_shore_b
IceCv:    ice_cave_caverns_02

Skill      XL: |  1  2  3  4  5  6  7  8  9 10 11 12 |
---------------+-------------------------------------+-----
Ice Magic      | 5 6 7 |  7.0
Spellcasting   | 3 4 5 6 |  6.0
Dodging        | 3 4 5 7 9 10 | 10.0
Summonings     | 1 2 4 5 |  5.0
Fighting       | 1 2 3 4 5 |  5.0
Charms         | 1 |  1.0
Polearms       | 3 8 12 14 | 14.0
Evocations     | 2 4 |  4.0
Poison Magic   | 4 |  4.1
Conjurations   | 2 |  2.0
Air Magic      | 2 |  2.0
Necromancy     | 4 7 |  7.1
Earth Magic    | 2 3 |  3.0
Stealth        | |  2.1

Action                   |  1- 3 |  4- 6 |  7- 9 | 10-12 || total
-------------------------+-------+-------+-------+-------++-------
Melee: Dagger            |    21 |       |       |       ||    21
       Falchion          |     6 |     2 |       |       ||     8
       Trident           |       |       |   137 |   717 ||   854
       Tailslap          |       |       |       |     4 ||     4
 Fire: Hunting sling     |       |    70 |   159 |       ||   229
Throw: Stone             |     4 |       |       |       ||     4
       Dart              |       |       |     8 |       ||     8
 Cast: Freeze            |    50 |    92 |   124 |    23 ||   289
       Summon Ice Beast  |       |       |    24 |   125 ||   149
       Poisonous Vapours |       |       |    30 |   198 ||   228
       Ozocubu's Armour  |       |       |     2 |     1 ||     3
       Searing Ray       |       |       |       |    14 ||    14
Evoke: Wand              |       |       |       |     4 ||     4
  Use: Potion            |     1 |       |       |     8 ||     9
       Scroll            |       |       |    22 |     9 ||    31
 Stab: Sleeping          |       |       |     2 |     2 ||     4
       Distracted        |       |       |       |     4 ||     4
  Eat: Chunk             |     3 |     9 |    21 |    37 ||    70
       Ration            |       |       |     1 |     3 ||     4
Armor: Robe              |     5 |       |       |       ||     5
       Animal skin       |     3 |    28 |    14 |       ||    45
       Leather armour    |       |       |    80 |   182 ||   262
Dodge: Dodged            |    52 |    86 |   207 |   491 ||   836
Block: Other             |       |       |       |   107 ||   107
       Reflection        |       |       |       |     2 ||     2
       Rpst.: Falchion   |     4 |     3 |       |       ||     7

Table legend:
 A = Non-vault XP
 B = Vault XP
 C = Vault XP percentage of total XP
 D = Non-vault monster count
 E = Vault monster count
 F = Vault count percentage of total count
                 A         B        C        D         E       F
            +---------+---------+-------+---------+---------+-------
      Total |   14117 |   11331 |  44.5 |     254 |     104 |  29.1
            +---------+---------+-------+---------+---------+-------
        D:1 |      27 |      16 |  37.2 |      15 |       2 |  11.8
        D:2 |      89 |      62 |  41.1 |      21 |      12 |  36.4
        D:3 |     165 |     158 |  48.9 |      28 |       7 |  20.0
        D:4 |      93 |       0 |   0.0 |       5 |       0 |   0.0
        D:5 |     953 |       0 |   0.0 |      29 |       0 |   0.0
        D:6 |     750 |     430 |  36.4 |      17 |       9 |  34.6
        D:7 |     243 |      15 |   5.8 |      13 |       3 |  18.8
        D:8 |    1499 |       0 |   0.0 |      25 |       0 |   0.0
        D:9 |    3012 |       0 |   0.0 |      22 |       0 |   0.0
       D:10 |    2239 |       0 |   0.0 |      31 |       0 |   0.0
       D:11 |    4484 |    1325 |  22.8 |      46 |       8 |  14.8
     Lair:1 |     563 |     106 |  15.8 |       2 |      12 |  85.7
      IceCv |       0 |    9219 | 100.0 |       0 |      51 | 100.0
            +---------+---------+-------+---------+---------+-------
